Map: Backwater LE

Players

Rob

  • Race: Protoss Protoss
  • League: Grandmaster
  • Spawn Location: 11:00

Jason - Winner!

  • Race: Terran Terran
  • League: Grandmaster
  • Spawn Location: 5:00

VOD

Have the link to the VOD?

Description

Time

  • Played on: May 14, 2019, 3:34 p.m.
  • Length: 6:00
Show
View Real Time Build Order
Export as new Build Order

Rob Protoss 

Build Orders: 1 Gate Expand, Oracle Opening 

Get SALT Encoding   

  12  0:00  Probe  
  13  0:12  Probe  
  14  0:17  Pylon  
  14  0:24  Probe  
  15  0:32  Probe  
  15  0:38  Gateway  
  15  0:40  Probe  
  17  0:51  Probe  
  17  0:52  Assimilator  
  18  1:03  Probe  
  19  1:15  Probe  
  20  1:29  Nexus  
  20  1:39  Cybernetics Core  
  21  1:40  Probe  
  21  1:44  Assimilator  
  21  1:50  Zealot  
  22  1:55  Pylon  
  23  2:08  Adept  
  23  2:14  Probe  
  24  2:15  Warp Gate  
  25  2:30  Stalker, Shield Battery x2  
  25  2:32  Shield Battery  
  27  2:52  Stargate  
  27  2:59  Stalker  
  29  3:10  Probe  
  29  3:11  Probe  
  31  3:22  Stalker  
  31  3:23  Probe x2  
  33  3:28  Oracle  
  35  3:35  Probe x2  
  40  3:47  Probe  
  41  3:50  Pylon  
  41  3:57  Void Ray  
  41  4:09  Pylon  
  39  4:19  Stalker  
  34  4:29  Void Ray, Gateway  
  34  4:30  Gateway  
  38  4:49  Stalker  
  40  5:05  Pylon  
  40  5:07  Pylon x2  
  40  5:17  Shield Battery  
  40  5:26  Stalker x2  
  36  5:30  Stalker  
  25  5:54  Stalker x2  
Show
View Real Time Build Order
Export as new Build Order

Jason Terran - Winner!

Build Orders:  

Get SALT Encoding   

  12  0:00  SCV  
  13  0:12  SCV  
  14  0:19  Supply Depot  
  14  0:25  SCV  
  15  0:31  Refinery  
  15  0:41  SCV  
  16  0:48  Barracks  
  16  0:53  SCV  
  17  1:00  Refinery  
  17  1:05  SCV  
  18  1:19  SCV  
  20  1:35  Orbital Command  
  20  1:37  Barracks Reactor  
  19  1:41  Factory  
  19  1:57  Supply Depot  
  19  2:02  SCV  
  20  2:13  Marine x2  
  20  2:14  SCV  
  23  2:27  Factory Tech Lab  
  23  2:30  Starport  
  23  2:31  Marine  
  23  2:32  Marine  
  23  2:35  SCV  
  26  2:45  Siege Tank  
  26  2:50  Supply Depot  
  29  2:53  Marine  
  29  2:55  Marine  
  31  3:11  Marine  
  31  3:12  SCV, Medivac  
  35  3:13  Marine  
  36  3:22  Siege Tank  
  39  3:31  Supply Depot  
  39  3:48  Bunker  
  39  3:52  Marine  
  39  3:53  Bunker  
  39  4:03  Bunker  
  39  4:04  Siege Tank  
  41  4:14  Marine  
  40  4:23  SCV  
  40  4:24  Marine  
  40  4:30  Bunker  
  41  4:32  Marine  
  41  4:36  Viking  
  44  4:44  Bunker  
  44  4:45  Marine  
  45  4:55  Bunker  
  45  4:58  Marine  
  46  5:03  Marine  
  47  5:12  Supply Depot  
  46  5:15  Viking, Siege Tank  
  51  5:21  Bunker  
  45  5:35  Marine  
Tags
 
Add a new tag
Caveats
  • Supply blocks, unpowered buildings, or Contaminate may cause inaccurate times.
  • Supply counts are checked every 10 seconds.